 Dungeon Crawl Stone Soup version 0.29-a0-824-gd827844252 (webtiles) character file.

Game seed: 13944050102496816027

611 Malachi the Slasher (level 7, 0/50 HPs)
             Began as a Demonspawn Gladiator on July 10, 2022.
             Was a Follower of Qazlal.
             Succumbed to a scorpion's poison
             ... on level 5 of the Dungeon.
             The game lasted 00:04:56 (4601 turns).

Malachi the Slasher (Demonspawn Gladiator)          Turns: 4601, Time: 00:04:56

Health: 0/50       AC:  6    Str: 14    XL:     7   Next: 20%
Magic:  7/7        EV: 14    Int:  9    God:    Qazlal [*.....]
Gold:   126        SH:  2    Dex: 17    Spells: 6/6 levels left

rFire   . . .      SeeInvis .   a - +0 long sword
rCold   + . .      Faith    .   (no shield)
rNeg    . . .      Spirit   .   f - +2 leather armour {rC+}
rPois   .          Reflect  .   c - +0 helmet
rElec   .          Harm     .   (no cloak)
rCorr   .          Rampage  .   (no gloves)
Will    .....                   (no boots)
Stlth   +.........              (no amulet)
HPRegen 0.16/turn               (no ring)
MPRegen 0.10/turn               (no ring)

@: lethally poisoned (0 -> -8)
A: repulsion field 1, powered by pain 1
a: Renounce Religion


You were on level 5 of the Dungeon.
You worshipped Qazlal.
Qazlal was aware of your devotion.
You visited 1 branch of the dungeon, and saw 5 of its levels.

You collected 126 gold pieces.

Inventory:

Hand Weapons
 a - a +0 long sword (weapon)
Missiles
 e - a javelin (quivered)
 u - 8 poisoned darts
Armour
 c - a +0 helmet (worn)
 f - a +2 leather armour of cold resistance (worn)
Scrolls
 d - a scroll of immolation {unknown}
 g - a scroll of amnesia {unknown}
 h - a scroll of noise {unknown}
 j - 5 scrolls of identify {unknown}
 k - a scroll of vulnerability {unknown}
 l - 4 scrolls of teleportation {unknown}
 m - a scroll of silence {unknown}
 o - a scroll of poison {unknown}
 p - a scroll of fog {unknown}
 r - a scroll of summoning {unknown}
 s - a scroll of enchant weapon {unknown}
 t - a scroll of torment {unknown}
Potions
 b - 2 potions of degeneration
 i - a potion of haste


   Skills:
 - Level 2.0 Fighting
 * Level 7.4 Long Blades
 - Level 1.7 Throwing
 - Level 1.0 Armour
 - Level 2.6 Dodging
 - Level 0.1 Stealth
 - Level 0.2 Unarmed Combat
 + Level 1.0 Invocations


You had 6 spell levels left.
You didn't know any spells.
Your spell library was empty.

Dungeon Overview and Level Annotations

Branches:
Dungeon (5/15)
 Temple: D:4-7

Altars:
Makhleb
Qazlal
Sif Muna

Portals:
Abyss: D:5

Annotations:
D:5 2 transporters, Morbidden's ghost, novice DsCj


Innate Abilities, Weirdness & Mutations

You are surrounded by a mild repulsion field. (EV +2)
You sometimes gain a little power by taking damage.


Message History

You hit the scorpion.
The scorpion is heavily wounded.
You feel very sick. The scorpion stings you.
* * * LOW HITPOINT WARNING * * *
You barely miss the scorpion.
The scorpion is heavily wounded.
* * * LOW HITPOINT WARNING * * *
You feel very sick. The scorpion stings you.
* * * LOW HITPOINT WARNING * * *
You are more poisoned.
The scorpion poisons you!
It was a potion of curing.
You feel better. The scorpion closely misses you.
You hit the scorpion.
The scorpion is severely wounded.
The scorpion stings you.
* * * LOW HITPOINT WARNING * * *
You block the scorpion's attack.
You hit the scorpion but do no damage.
The scorpion is severely wounded.
The scorpion stings you.
* * * LOW HITPOINT WARNING * * *
You are lethally poisoned!
The scorpion poisons you!
You barely miss the scorpion.
The scorpion is severely wounded.
* * * LOW HITPOINT WARNING * * *
You feel very sick. The scorpion completely misses you.
You slash the scorpion!
You kill the scorpion!
Qazlal accepts your kill.
* * * LOW HITPOINT WARNING * * *
You feel sick.
Okay, then.
There is a lethal amount of poison in your body!
There is a lethal amount of poison in your body!
There is a lethal amount of poison in your body!
You die...

#.# #..
..## #..#
## ..# ..#
#.###..#
#.#....#
#..@!# ##.
#####.####
....
#....##
#.....
####.##
#... ..# #
##.## #..#
#.# ##.
#..##..#
#..###..
##.#..#
##...#..#
###....#
#.......#
#...##.###
##.......#


There were no monsters in sight!

Vanquished Creatures
  2 black bears (D:5)
  A necrophage (D:5)
  A scorpion (D:5)
  A howler monkey (D:5)
  A jelly (D:5)
  A hound (D:5)
  Terence (D:2)
  2 iguanas (D:5)
  7 adders
  A shadow imp (D:5)
  A white imp (D:5)
  An ufetubus (D:5)
  3 dart slugs
  10 endoplasms
  2 giant cockroaches
  4 goblins (D:2)
  4 hobgoblins
  4 jackals (D:2)
  A quokka (D:1)
  3 ball pythons
  2 bats (D:2)
  2 frilled lizards (D:2)
  4 kobolds
  7 rats
66 creatures vanquished.

Notes
Turn   | Place    | Note
-------+----------+-------------------------------------------
     0 | D:1      | Malachi the Demonspawn Gladiator began the quest for the
                  | Orb.
     0 | D:1      | Reached XP level 1. HP: 16/16 MP: 1/1
    53 | D:1      | Reached skill level 3 in Long Blades
   188 | D:1      | Gained mutation: You sometimes gain a little power by
                  | taking damage. [demonic ancestry]
   188 | D:1      | Reached XP level 2. HP: 22/22 MP: 2/2
   316 | D:1      | Found a faded altar of an unknown god.
   316 | D:1      | Noticed a crimson imp
   382 | D:1      | Prayed at the altar of an unknown god.
   382 | D:1      | Became a worshipper of Qazlal Stormbringer
   382 | D:1      | Reached * piety under Qazlal
   937 | D:2      | Found a shimmering blue altar of Sif Muna.
  1011 | D:2      | Reached XP level 3. HP: 24/27 MP: 3/3
  1150 | D:2      | Reached skill level 4 in Long Blades
  1419 | D:2      | Reached ** piety under Qazlal
  1560 | D:2      | Noticed Terence
  1593 | D:2      | Killed Terence
  1594 | D:2      | Gained mutation: You are surrounded by a mild repulsion
                  | field. (EV +2) [demonic ancestry]
  1594 | D:2      | Reached XP level 4. HP: 5/33 MP: 4/4
  2181 | D:2      | Reached skill level 1 in Armour
  2522 | D:3      | You fall into a shaft and drop 2 floors!
  2522 | D:5      | Entered Level 5 of the Dungeon
  2814 | D:5      | Noticed a necrophage
  2845 | D:5      | Noticed a black bear
  2865 | D:5      | Killed a black bear
  2866 | D:5      | Reached skill level 5 in Long Blades
  2866 | D:5      | Reached XP level 5. HP: 36/38 MP: 1/5
  3202 | D:5      | Reached skill level 6 in Long Blades
  3207 | D:5      | Reached XP level 6. HP: 29/44 MP: 6/6
  3682 | D:5      | Reached skill level 7 in Long Blades
  3682 | D:5      | Reached skill level 1 in Invocations
  3684 | D:5      | Reached XP level 7. HP: 6/50 MP: 7/7
  4014 | D:5      | Found a transporter.
  4018 | D:5      | Found a transporter.
  4051 | D:5      | Found a burning altar of Makhleb.
  4540 | D:5      | Found a one-way gate to the infinite horrors of the Abyss.
  4540 | D:5      | Noticed Morbidden's ghost (novice DsCj)
  4600 | D:5      | HP: 1/50 [poisoned by a scorpion]
  4601 | D:5      | Succumbed to a scorpion's poison

Illustrated notes

Levels and vault maps discovered:
D:1:      elethiomel_arrival_infinity_welcomes_careful_drivers,
          layout_loops_cross, dreamdust_ecumenical_altar_sealed_demon,
          minmay_misc_feat_rows
D:2:      minmay_thinvault, layout_loops_ring, basic_altar, uniq_terence
D:3:      layout_loops_corners, mainiacjoe_overflow_two_lobes
D:4:      layout_cave_pools
D:5:      layout_layer_cave, kennysheep_mini, gammafunk_ghost_abyssal_escape,
          kennysheep_generic_room_5

Skill      XL: |  1  2  3  4  5  6 |
---------------+-------------------+-----
Long Blades    | 3 4 5 6 7 |  7.4
Armour         | 1 |  1.0
Invocations    | 1 |  1.0
Fighting       | |  2.0
Throwing       | |  1.7
Dodging        | |  2.6
Stealth        | |  0.1
Unarmed Combat | |  0.2

Action                   |  1- 3 |  4- 6 |  7- 9 || total
-------------------------+-------+-------+-------++-------
Melee: Long sword        |   122 |    86 |    32 ||   240
       Punch             |     2 |       |     1 ||     3
       Unarmed           |       |    22 |       ||    22
Throw: Throwing net      |     2 |     1 |       ||     3
Invok: Upheaval          |       |     2 |       ||     2
  Use: Potion            |     2 |     2 |     1 ||     5
Armor: Leather armour    |    53 |    31 |     9 ||    93
       Skin              |       |    22 |       ||    22
Dodge: Dodged            |    74 |    77 |    18 ||   169
Block: Other             |    17 |    11 |     2 ||    30

Table legend: (Time is in decaauts)
 A = Elapsed time spent in this place.
 B = Non-inter-level travel time spent in this place.
 C = Inter-level travel time spent in this place.
 D = Time resting spent in this place.
 E = Time spent auto-exploring this place.
 F = Levels seen in this place.
 G = Mean time per level.
                   A        B        C        D        E       F      G
               +--------+--------+--------+--------+--------+-----+--------+
         Total |   4622 |   4532 |     90 |   1234 |   2575 |   5 |  924.4 |
       Dungeon |   4622 |   4532 |     90 |   1234 |   2575 |   5 |  924.4 |
               +--------+--------+--------+--------+--------+-----+--------+

Top non-repeatable levels by time:
     D:5: 2054 daAuts
     D:2: 1482 daAuts
     D:1: 912 daAuts
     D:3: 157 daAuts
     D:4: 14 daAuts
